 Dungeon Crawl Stone Soup version 0.31.0-9-g3a7656b989 (webtiles) character file.

Game seed: 5856881650843924370

149 Gabide the Ruffian (level 4, -3/36 HPs)
             Began as a Demigod Shapeshifter on Jan 29, 2024.
             Slain by a mummy (12 damage)
             ... in an ossuary.
             The game lasted 00:10:26 (2839 turns).

Gabide the Ruffian (Demigod Shapeshifter)           Turns: 2839, Time: 00:10:27

Health: -3/36      AC:  9    Str: 19    XL:     4   Next: 82%
Magic:  6/6        EV: 11    Int: 12    God:
Gold:   169        SH:  0    Dex: 13    Spells: 3/3 levels left

rFire   . .          .
                       - Unarmed
rCold   . . .        (no shield)
rNeg    . . .        a - +0 ring mail
rPois   .            h - +0 helmet
rElec   .            e - +2 cloak
rCorr   .            (no gloves)
SInv    .            (no boots)
Will    +....        (no amulet)
Stlth   +            (no ring)
HPRegen 0.26/turn    (no ring)
MPRegen 0.10/turn

%: no passive effects
@: brilliant, attractive, enlightened, flying
A: high MP 1, forlorn, divine attributes
a: no special abilities


You were in an ossuary.
You visited 1 branch of the dungeon, and saw 4 of its levels.
You also visited: Ossuary.

You collected 169 gold pieces.

Inventory:

Missiles
 i - 4 silver javelins (quivered)
Armour
 a - a +0 ring mail (worn)
 e - a +2 cloak (worn)
 h - a +0 helmet (worn)
Talismans
 b - a serpent talisman
 c - a beast talisman
 d - a flux talisman
Scrolls
 n - 2 scrolls of teleportation
Potions
 f - a potion of enlightenment
 g - a potion of attraction
 k - a potion of brilliance


   Skills:
 + Level 2.0 Fighting
 + Level 2.6 Dodging
 * Level 3.6 Unarmed Combat
 * Level 3.5 Shapeshifting


You had 3 spell levels left.
You didn't know any spells.
Your spell library contained the following spells:

 Spells                   Type           Power      Damage    Failure   Level
 Volatile Blastmotes      Fire/Tloc      0%         2d10      86%         3
 Fulminant Prism          Conj/Alch      0%         3d5       99%         4
 Iskenderun's Mystic Bla  Conj/Tloc      0%         2d3       99%         4


Dungeon Overview and Level Annotations

Branches:
Dungeon (4/15)            Ossuary (1/1)
 Temple: D:4-7

Annotations:
D:2 Sigmund


Innate Abilities, Weirdness & Mutations

You have an increased reservoir of magic. (+10% MP)
You shall have no god before yourself.
Your divine heritage dramatically boosts your attributes as you level up.


Message History

The hobgoblin zombie is moderately damaged.
The kobold zombie barely misses you. The hobgoblin zombie misses you. x2
The kobold zombie hits you but does no damage.
You hit the hobgoblin zombie.
The hobgoblin zombie is moderately damaged.
The hobgoblin zombie barely misses you.
The hobgoblin zombie closely misses you.
The kobold zombie barely misses you.
You punch the hobgoblin zombie!
You destroy the hobgoblin zombie!
The kobold zombie closely misses you.
You completely miss the mummy.
The mummy is heavily damaged.
The kobold zombie closely misses you. The hobgoblin zombie barely misses you.
The kobold zombie barely misses you.
You barely miss the mummy.
The mummy is heavily damaged.
The mummy hits you.
The hobgoblin zombie hits you but does no damage.
The kobold zombie hits you but does no damage.
You barely miss the mummy.
The mummy is heavily damaged.
The kobold zombie hits you but does no damage.
The hobgoblin zombie hits you but does no damage.
You hit the mummy.
The mummy is severely damaged.
The mummy closely misses you.
You barely miss the mummy.
The mummy is severely damaged.
The hobgoblin zombie barely misses you. The kobold zombie barely misses you.
The mummy barely misses you. The mummy hits you.
* * * LOW HITPOINT WARNING * * *
You hit the mummy.
The mummy is severely damaged.
The kobold zombie misses you. The hobgoblin zombie barely misses you.
The kobold zombie closely misses you.
You hit the mummy but do no damage.
The mummy is severely damaged.
The kobold zombie misses you. The mummy barely misses you. The mummy hits you!
You die...

......
#....#
#....#
#....#
#....#
#....#
#..Z.#
#.ZMZ#
#.M@.#
#.Z∩.#
######


You could see 2 mummies, a hobgoblin zombie and 3 kobold zombies.

Vanquished Creatures
  A bombardier beetle (D:3)
  Robin (D:3)
  2 adders (D:3)
  3 dart slugs (D:1)
  A ribbon worm (D:2)
  5 orcs (D:4)
  6 ball pythons
  2 endoplasms (D:2)
  2 giant cockroaches
  15 goblins
  8 hobgoblins
  5 quokkas
  2 bats (D:1)
  3 frilled lizards
  A hobgoblin zombie (Ossuary)
  7 kobolds
  A kobold zombie (Ossuary)
  An orc zombie (Ossuary)
  4 rats
70 creatures vanquished.

Notes
Turn   | Place    | Note
-------+----------+-------------------------------------------
     0 | D:1      | Gabide the Demigod Shapeshifter began the quest for the
                  | Orb.
     0 | D:1      | Reached XP level 1. HP: 15/15 MP: 3/3
    48 | D:1      | Reached skill level 1 in Fighting
   188 | D:1      | Reached XP level 2. HP: 21/23 MP: 4/4
  1252 | D:2      | Reached XP level 3. HP: 28/28 MP: 5/5
  1320 | D:2      | Noticed Sigmund
  1896 | D:3      | Noticed Robin
  1932 | D:3      | Killed Robin
  2029 | D:3      | Reached XP level 4. HP: 36/36 MP: 6/6
  2793 | D:4      | Found a sand-covered staircase.
  2798 | Ossuary  | Entered an ossuary
  2839 | Ossuary  | Slain by a mummy

Illustrated notes

Levels and vault maps discovered:
D:1:      minmay_arrival_cross, layout_loops_ring, serial_glass,
          glass_columns_a, glass_columns_b, basic_ecumenical_altar,
          chequers_big_river, grunt_decor_one_mirror
D:2:      layout_basic, uniq_sigmund
D:3:      layout_basic, nicolae_the_louvre, uniq_robin
D:4:      layout_basic, enter_ossuary_5, lightli_minifort, uniq_duvessa
Ossuary:  ossuary_tomb_3

Skill      XL: |  1  2  3  4 |
---------------+-------------+-----
Fighting       | 1 2 |  2.0
Dodging        | 2 |  2.6
Unarmed Combat | 3 |  3.6
Shapeshifting  | 3 |  3.5

Action                     |  1- 3 |  4- 6 || total
---------------------------+-------+-------++-------
  Melee: Unarmed           |   178 |   107 ||   285
         Punch             |     3 |     3 ||     6
  Throw: Stone             |    11 |       ||    11
         Javelin           |     4 |       ||     4
Ability: Begin Untransform |     2 |       ||     2
    Use: Potion            |     5 |     3 ||     8
         Scroll            |     2 |     3 ||     5
 Armour: Animal skin       |    36 |       ||    36
         Leather armour    |    16 |       ||    16
         Ring mail         |    51 |    62 ||   113
         Skin              |     9 |       ||     9
  Dodge: Dodged            |   100 |   109 ||   209
   Form: Beast             |     2 |       ||     2
